 Dungeon Sprint DCSS version 0.18-a0-125-g4c9da24 (webtiles) character file.

64778 Kidiri the Unseen (level 13, -8/69 HPs)
             Began as a Spriggan Enchanter on Nov 21, 2015.
             Was the Champion of Dithmenos.
             Killed from afar by a deep elf annihilator (40 damage)
             ... with a bolt of lightning
             ... in the Dungeon (Sprint III: "The Ten Rune Challenge").
             The game lasted 00:25:24 (4459 turns).

Kidiri the Unseen (Spriggan Enchanter)              Turns: 4459, Time: 00:25:25

Health: -8/69      AC:  4    Str:  4    XL:     13   Next: 54%
Magic:  9/34       EV: 34    Int: 19    God:    Dithmenos [******]
Gold:   1878       SH:  5    Dex: 19    Spells: 7 memorised, 17 levels left

rFire  . . .     SeeInvis +     b - +0 short sword
rCold  . . .     Clarity  .     v - +2 robe
rNeg   . . .     SustAt   .     a - +0 buckler
rPois  .         Gourm    .     i - +0 hat {MR+}
rElec  .         Spirit   .     (no cloak)
rCorr  .         Warding  .     (gloves unavailable)
rMut   .         NoTele   +     (boots unavailable)
MR     +++..                    (no amulet)
Stlth  ++++++++++               (no ring)
                                (no ring)

@: wreathed by umbra, drained, very quick, extremely resistant to hostile
enchantments, uncannily stealthy
A: unfitting armour, claws 1, see invisible, herbivore 3, speed 3, slow
metabolism 2
a: Shadow Step, Shadow Form, Renounce Religion
}: 2/10 runes: serpentine, barnacled


You were in the Dungeon.
You worshipped Dithmenos.
Dithmenos was exalted by your worship.
You were not hungry.

You visited 1 branch You collected 1878 gold pieces.

Inventory:

Hand Weapons
 b - a +0 short sword (weapon)
Missiles
 n - 9 throwing nets (quivered)
Armour
 a - a +0 buckler (worn)
 i - a +0 hat of magic resistance (worn)
 v - a +2 robe (worn)
Wands
 k - a wand of polymorph (9)
Scrolls
 j - a scroll of blinking
 m - 2 scrolls of torment
 o - 4 scrolls of remove curse
Potions
 c - a potion of resistance {unknown}
 d - a potion of invisibility {unknown}
 e - 3 potions of curing
 f - a potion of heal wounds
 g - 2 potions of haste
 h - a potion of magic
 l - a potion of might
 q - 3 potions of cure mutation
 r - 2 potions of flight
 t - a potion of brilliance
Comestibles
 p - 27 royal jellies
 s - 11 fruits


   Skills:
 + Level 8.7(8.3) Fighting
 * Level 15.2(14.7) Short Blades
 + Level 8.1(7.7) Armour
 * Level 19.2(18.7) Dodging
 * Level 20.7(20.1) Stealth
 * Level 16.4(15.9) Spellcasting
 + Level 7.8(7.4) Conjurations
 + Level 12.6(12.2) Hexes
 + Level 8.7(8.3) Ice Magic
 + Level 8.7(8.2) Earth Magic
 - Level 2.0(1.7) Invocations


You had 17 spell levels left.
You knew the following spells:

 Your Spells              Type           Power        Failure   Level  Hunger
a - Corona                Hex            ######.      1%          1    None
b - Ensorcelled Hibernat  Hex/Ice        ######       1%          2    None
c - Confuse               Hex            ######..     1%          3    None
d - Tukima's Dance        Hex            ######..     1%          3    None
e - Dazzling Spray        Conj/Hex       ######..     1%          3    None
f - Iron Shot             Conj/Erth      #####.....   47%         6    #####..
g - Shatter               Erth           #####.....   100%        9    #######


Dungeon Overview and Level Annotations

Branches:
Dungeon (1/1)

Altars:
Cheibriados
Dithmenos
Elyvilon
Fedhas
Gozag
Kikubaaqudgha
Makhleb
Nemelex Xobeh
Okawaru
Qazlal
Ru
Sif Muna
Trog
Vehumet
Xom
Yredelemnul
Zin
The Shining One
Jiyva
Lugonu

Shops:
D [=!%[=?


Innate Abilities, Weirdness & Mutations

You are tiny and cannot use many weapons and most armour.
You have supernaturally acute eyesight.
You are a herbivore.
You cover ground extremely quickly.
You need consume almost no food.
You have sharp fingernails.


Message History

Your shadow mimicks your spell!
The shadow shard hits the deep elf annihilator.
The deep elf master archer shoots an arrow.
The arrow hits the lorocyproca!!
The lorocyproca dies!
Casting: Dazzling Spray
Confirm with . or Enter, or press ? or * to list all spells.
Aiming: Dazzling Spray
Press: ? - help, Shift-Dir - straight line, f/p - deep elf annihilator
Aim: a deep elf annihilator, wielding a staff of power and wearing a glowing robe (almost dead, umbra)
The spray of energy hits the deep elf annihilator.
The deep elf annihilator is almost dead.
The deep elf master archer shoots an arrow.
The arrow hits you!!!
Ouch! That really hurt!
You emit a cloud of dark smoke.
The deep elf annihilator points at you and mumbles some strange words.
The bolt of lightning hits you!
Ouch! That really hurt!
You die...

▓▓▓ ▓▓▓ ###.###.########## ###
##.#.#.##..'(#.§§# ...'
#)........##.#.§@##≈≈≈≈#
#....)...###)#.§§§≈≈).(e
#...)))).∩##[#.((##≈≈≈≈#
#.#..)(##.##['...# e..'
#..#.###.######### ###
#'###########################
#....#)#)#)....#......+...≈≈#
##.#.)#.##.###.#......#...≈≈###
'##.#.#.##.#).##......#...≈≈≈≈#


You could see a deep elf master archer and a deep elf annihilator.

Vanquished Creatures
  Rupert (D)
  Polyphemus (D)
  Gastronok (D)
  Ilsuiw (D)
  A greater naga (D)
  Maud (D)
  2 dire elephants (D)
  A deep elf death mage (D)
  A merfolk javelineer (D)
  Erolcha (D)
  2 hydras (D)
  A deep elf high priest (D)
  A naga warrior (D)
  3 anacondas (D)
  4 death yaks (D)
  3 deep elf knights (D)
  A death drake (D)
  A sea snake (D)
  A deep elf summoner (D)
  A spriggan druid (D)
  A lindwurm (D)
  An orc sorcerer (D)
  5 black mambas (D)
  2 elephants (D)
  2 spiny frogs (D)
  A guardian serpent (D)
  3 wandering mushrooms (D)
  A fire drake (D)
  A komodo dragon (D)
  2 deep elf priests (D)
  A queen bee (D)
  4 redbacks (D)
  8 blink frogs (D)
  2 trapdoor spiders (D)
  2 spriggans (D)
  A shadow (D)
  A spatial vortex (D)
  2 nagas (D)
  2 hill giants (D)
  A swamp drake (D)
  5 water moccasins (D)
  2 orc warriors (D)
  A necrophage (D)
  3 two-headed ogres (D)
  2 brain worms (D)
  A water elemental (D)
  32 killer bees (D)
  A scorpion (D)
  An electric eel (D)
  2 orc priests (D)
  A jelly (D)
  A wizard (D)
  Jessica (D)
  2 orc wizards (D)
  A necromancer (D)
  3 sheep (D)
  A kobold demonologist (D)
  3 humans (D)
  6 adders (D)
  2 oozes (D)
  9 orcs (D)
  A rat (D)
153 creatures vanquished.

Vanquished Creatures (others)
  2 draconian scorchers (D)
  2 yaktaurs (D)
  2 orc priests (D)
  4 plants (D)
10 creatures vanquished.

Grand Total: 163 creatures vanquished

Notes
Turn   | Place    | Note
--------------------------------------------------------------
     0 | D        | Kidiri the Spriggan Enchanter began the quest for the Orb.
     0 | D        | Reached XP level 1. HP: 9/9 MP: 5/5
    11 | D        | Reached skill level 1 in Fighting
    11 | D        | Reached skill level 1 in Armour
    11 | D        | Reached XP level 2. HP: 12/14 MP: 7/7
    16 | D        | Learned a level 2 spell: Ensorcelled Hibernation
    67 | D        | Noticed Jessica
    72 | D        | Killed Jessica
    72 | D        | Reached skill level 5 in Stealth
    72 | D        | Reached XP level 3. HP: 18/18 MP: 9/9
    80 | D        | Learned a level 3 spell: Confuse
    84 | D        | Learned a level 3 spell: Dazzling Spray
    87 | D        | Noticed a scorpion
    90 | D        | Killed a scorpion
    90 | D        | Reached skill level 5 in Dodging
    90 | D        | Reached skill level 6 in Stealth
    90 | D        | Reached skill level 1 in Ice Magic
    90 | D        | Reached XP level 4. HP: 23/23 MP: 9/11
   101 | D        | Learned a level 3 spell: Tukima's Dance
   103 | D        | Reached skill level 7 in Stealth
   103 | D        | Reached skill level 1 in Conjurations
   130 | D        | Gained mutation: You possess an exceptional clarity of mind. [potion of mutation]
   130 | D        | Gained mutation: You have sharp fingernails. [potion of mutation]
   131 | D        | Lost mutation: You possess an exceptional clarity of mind. [potion of mutation]
   156 | D        | Reached skill level 5 in Spellcasting
   156 | D        | Reached XP level 5. HP: 26/26 MP: 12/14
   177 | D        | Noticed a shadow
   206 | D        | Killed a shadow
   206 | D        | Reached skill level 5 in Short Blades
   206 | D        | Reached skill level 8 in Dodging
   206 | D        | Reached skill level 9 in Stealth
   206 | D        | Reached skill level 5 in Hexes
   206 | D        | Reached XP level 6. HP: 20/32 MP: 3/16
   226 | D        | Killed a yaktaur
   330 | D        | Killed a white draconian scorcher
   341 | D        | Killed a white draconian scorcher
   420 | D        | Found a stormy altar of Qazlal.
   421 | D        | Found a sacrificial altar of Ru.
   421 | D        | Found a burning altar of Makhleb.
   421 | D        | Found a viscous altar of Jiyva.
   421 | D        | Found a shimmering altar of Xom.
   421 | D        | Found a shadowy altar of Dithmenos.
   421 | D        | Found a sparkling altar of Nemelex Xobeh.
   421 | D        | Found a corrupted altar of Lugonu.
   421 | D        | Found an opulent altar of Gozag.
   421 | D        | Noticed a spatial vortex
   425 | D        | Became a worshipper of Dithmenos the Shadowed
   426 | D        | Killed a spatial vortex
   426 | D        | Reached skill level 1 in Invocations
   453 | D        | Found a radiant altar of Vehumet.
   454 | D        | Found a deep blue altar of Sif Muna.
   454 | D        | Found an ancient bone altar of Kikubaaqudgha.
   457 | D        | Reached * piety under Dithmenos
   457 | D        | Reached skill level 10 in Stealth
   469 | D        | Learned a level 6 spell: Iron Shot
   478 | D        | Found a glowing silver altar of Zin.
   479 | D        | Found a glowing golden altar of the Shining One.
   479 | D        | Found a white marble altar of Elyvilon.
   479 | D        | Noticed a deep elf priest
   481 | D        | Killed a deep elf priest
   481 | D        | Reached skill level 1 in Earth Magic
   481 | D        | Reached XP level 7. HP: 36/36 MP: 17/19
   492 | D        | Found an iron altar of Okawaru.
   493 | D        | Found a bloodstained altar of Trog.
   493 | D        | Noticed a human
   493 | D        | Noticed a human
   498 | D        | Killed a human
   498 | D        | Reached skill level 10 in Dodging
   498 | D        | Reached skill level 11 in Stealth
   505 | D        | Killed a human
   505 | D        | Reached ** piety under Dithmenos
   505 | D        | Reached XP level 8. HP: 40/42 MP: 14/21
   551 | D        | Found a snail-covered altar of Cheibriados.
   552 | D        | Found a basalt altar of Yredelemnul.
   552 | D        | Found a blossoming altar of Fedhas.
   585 | D        | Reached *** piety under Dithmenos
   600 | D        | Noticed Erolcha
   602 | D        | Killed Erolcha
   602 | D        | Reached skill level 12 in Stealth
   602 | D        | Reached skill level 10 in Spellcasting
   602 | D        | Reached XP level 9. HP: 46/46 MP: 22/24
   625 | D        | Learned a level 9 spell: Shatter
   629 | D        | Reached **** piety under Dithmenos
   629 | D        | Reached skill level 13 in Stealth
  1052 | D        | Reached ***** piety under Dithmenos
  1154 | D        | Reached skill level 14 in Stealth
  1328 | D        | Reached skill level 5 in Fighting
  1335 | D        | Reached ****** piety under Dithmenos
  1335 | D        | Reached skill level 10 in Short Blades
  1496 | D        | Reached skill level 5 in Ice Magic
  1574 | D        | Reached XP level 10. HP: 51/51 MP: 21/25
  1578 | D        | Reached skill level 5 in Armour
  1858 | D        | Reached skill level 15 in Stealth
  1859 | D        | Reached skill level 5 in Conjurations
  1888 | D        | Noticed a lindwurm
  1891 | D        | Killed a lindwurm
  1891 | D        | Reached skill level 5 in Earth Magic
  1900 | D        | Noticed Maud
  1902 | D        | Killed Maud
  1902 | D        | Reached XP level 11. HP: 54/56 MP: 28/28
  1907 | D        | Noticed a four-headed hydra
  1907 | D        | Noticed a seven-headed hydra
  1911 | D        | Killed a four-headed hydra
  1911 | D        | Reached skill level 16 in Stealth
  1912 | D        | Killed a seven-headed hydra
  1912 | D        | Reached skill level 15 in Dodging
  1959 | D        | Noticed a death drake
  1964 | D        | Killed a death drake
  1964 | D        | Reached skill level 10 in Hexes
  1984 | D        | Found a blossoming altar of Fedhas.
  1984 | D        | Noticed a spriggan druid
  1986 | D        | Killed a spriggan druid
  2017 | D        | Noticed Polyphemus
  2018 | D        | Noticed Ilsuiw
  2019 | D        | Killed Polyphemus
  2019 | D        | Reached skill level 17 in Stealth
  2146 | D        | Killed Ilsuiw
  2170 | D        | Found Illao's Antique Armour Emporium.
  2170 | D        | Found Zapsal's Jewellery Shop.
  2170 | D        | Found Gouj Bue's Magic Scroll Shoppe.
  2170 | D        | Noticed a sea snake
  2170 | D        | Noticed a merfolk javelineer
  2172 | D        | Killed a sea snake
  2193 | D        | Killed a merfolk javelineer
  2211 | D        | Got a barnacled rune of Zot
  2288 | D        | Reached XP level 12. HP: 63/63 MP: 30/30
  2400 | D        | Noticed Rupert
  2405 | D        | Killed Rupert
  2405 | D        | Reached skill level 18 in Stealth
  2427 | D        | Noticed an azure jelly
  2427 | D        | Noticed an azure jelly
  2601 | D        | Noticed an anaconda
  2634 | D        | Killed an anaconda
  3025 | D        | Noticed an anaconda
  3026 | D        | Noticed an anaconda
  3027 | D        | Killed an anaconda
  3027 | D        | Reached skill level 19 in Stealth
  3027 | D        | Reached skill level 15 in Spellcasting
  3046 | D        | Killed an anaconda
  3176 | D        | Noticed a naga warrior
  3176 | D        | Noticed a greater naga
  3176 | D        | Found Kusmenipt's Antique Armour Boutique.
  3176 | D        | Found Iher's Jewellery Emporium.
  3176 | D        | Found Qumoit's Distillery.
  3179 | D        | Killed a greater naga
  3179 | D        | Reached XP level 13. HP: 68/68 MP: 28/33
  3200 | D        | Got a serpentine rune of Zot
  3277 | D        | Noticed an azure jelly
  3277 | D        | Noticed an azure jelly
  3278 | D        | Noticed a dire elephant
  3278 | D        | Noticed a dire elephant
  3278 | D        | Noticed Gastronok
  3280 | D        | Killed Gastronok
  3281 | D        | Killed a dire elephant
  3281 | D        | Reached skill level 20 in Stealth
  3590 | D        | Killed a dire elephant
  3741 | D        | Found Icepneil's Food Shop.
  3950 | D        | Reached skill level 15 in Short Blades
  4007 | D        | Noticed a deep elf annihilator
  4047 | D        | Noticed a deep elf demonologist
  4060 | D        | Noticed a deep elf master archer
  4226 | D        | Noticed a deep elf annihilator
  4446 | D        | Noticed a deep elf annihilator
  4449 | D        | Noticed a lorocyproca
  4459 | D        | Killed from afar by a deep elf annihilator

Vault maps used:
D:        dungeon_sprint_mu

Action                   |  1- 3 |  4- 6 |  7- 9 | 10-12 | 13-15 || total
-------------------------+-------+-------+-------+-------+-------++-------
Melee: Dagger            |     5 |    17 |    63 |    80 |    26 ||   191
       Short sword       |       |       |       |       |     1 ||     1
 Cast: Ensorcelled Hiber |       |     4 |    24 |    26 |     5 ||    59
       Dazzling Spray    |       |     4 |    16 |    19 |    47 ||    86
       Confuse           |       |       |     1 |     1 |       ||     2
       Iron Shot         |       |       |       |       |     2 ||     2
Invok: Shadow Step       |       |       |       |    17 |     2 ||    19
  Use: Scroll            |       |     4 |       |       |       ||     4
       Potion            |       |     3 |     2 |       |     1 ||     6
 Stab: Sleeping          |     4 |     7 |    28 |    59 |     9 ||   107
       Confused          |       |       |     2 |     1 |       ||     3
       Invisible         |       |       |     3 |     4 |     7 ||    14
  Eat: Bread ration      |       |       |       |     1 |       ||     1
